 Dungeon Crawl Stone Soup version 0.30-a0-292-g0f741e3f8e (webtiles) character file.

Game seed: 6843175890619213577

936 bande the Chopper (level 8, -5/48 HPs)
             Began as a Gargoyle Fighter on Oct 18, 2022.
             Was a Follower of Okawaru.
             Slain by a troll (9 damage)
             ... on level 5 of the Dungeon.
             The game lasted 00:09:22 (4859 turns).

bande the Chopper (Gargoyle Fighter)                Turns: 4859, Time: 00:09:24

Health: -5/48      AC: 26    Str: 21    XL:     8   Next: 12%
Magic:  9/9        EV:  6    Int:  8    God:    Okawaru [*.....]
Gold:   194        SH: 10    Dex: 17    Spells: 7/7 levels left

rFire   + . .      SeeInvis .    a - +1 war axe (venom)
rCold   . . .      Faith    .    c - +0 buckler
rNeg    + . .      Spirit   .    w - +3 plate armour {rF+}
rPois   ∞          Reflect  +    j - +2 hat
rElec   +          Harm     .    (no cloak)
rCorr   +          Rampage  .    s - +1 pair of gloves
Will    .....                    m - +0 pair of boots
Stlth   ..........               l - amulet of reflection
HPRegen 0.28/turn                f - ring of resist corrosion
MPRegen 0.11/turn                v - +6 ring of dexterity

@: no status effects
A: sickness immunity, AC +5, negative energy resistance 1, electricity
resistance, torment resistance 1, petrification resistance
a: Renounce Religion, Heroism


You were on level 5 of the Dungeon.
You worshipped Okawaru.
Okawaru was aware of your devotion.
You visited 1 branch of the dungeon, and saw 5 of its levels.

You collected 194 gold pieces.

Inventory:

Hand Weapons
 a - a +1 war axe of venom (weapon)
 b - a +0 war axe
 p - a +0 flail
 t - the +7 sling "Woag" {flame, Str+3 Int+6}
   (You found it on level 4 of the Dungeon)

   Any ammunition fired from it burns those it strikes, dealing additional fire
   damage.
   Str:       It affects your strength (+3).
   Int:       It affects your intelligence (+6).
Armour
 c - a +0 buckler (worn)
 h - a +1 ring mail of cold resistance
 j - a +2 hat (worn)
 m - a +0 pair of boots (worn)
 s - a +1 pair of gloves (worn)
 w - a +3 plate armour of fire resistance (worn)
Jewellery
 f - a ring of resist corrosion (left hand)
 l - an amulet of reflection (around neck)
 v - a +6 ring of dexterity (right hand)
Wands
 o - a wand of flame (17)
Scrolls
 r - a scroll of enchant weapon
Potions
 d - a potion of might
 e - a potion of lignification {unknown}
 g - a potion of ambrosia
 i - a potion of mutation
 k - 3 potions of flight
 n - 2 potions of heal wounds
 q - a potion of resistance {unknown}
 u - 2 potions of curing {unknown}


   Skills:
 + Level 4.8 Fighting
 + Level 5.8 Axes
 + Level 5.0 Armour
 + Level 4.6 Shields
 * Level 2.5 Invocations
 * Level 1.8 Evocations


You had 7 spell levels left.
You didn't know any spells.
Your spell library contained the following spells:

 Spells                   Type           Power      Damage    Failure   Level
 Necrotise                Necr           0%         1d4       100%        1
 Sandblast                Erth           0%         2d4       100%        1
 Passwall                 Tmut/Erth      0%         N/A       100%        2
 Scorch                   Fire           0%         2d5       100%        2
 Wereblood                Tmut           0%         N/A       100%        2
 Stone Arrow              Conj/Erth      0%         3d7       100%        3
 Vampiric Draining        Necr           0%         2d6       100%        3
 Flame Wave               Conj/Fire      0%         2d4       100%        4
 Agony                    Necr           0%         N/A       100%        5
 Sublimation of Blood     Necr           Unusable   N/A       N/A         2
 Summon Cactus Giant      Summ           Unusable   N/A       N/A         6
 Summon Hydra             Summ           Unusable   N/A       N/A         7

Dungeon Overview and Level Annotations

Branches:
Dungeon (5/15)
 Temple: D:4-7

Altars:
Fedhas
Makhleb
Okawaru
Trog
Yredelemnul

Annotations:
D:4 2 runed translucent doors


Innate Abilities, Weirdness & Mutations

You are immune to sickness and miasma.
Your stone body is resilient. (AC +5)
You are immune to poison.
You resist negative energy. (rN+)
You are resistant to electric shocks. (rElec)
You are resistant to unholy torment.
You are immune to petrification.


Message History

The troll barely misses you. The troll claws you but does no damage.
You block the troll's attack.
You hit the troll.
The troll is poisoned.
The troll is lightly wounded.
The troll closely misses you. You block the troll's attack. x2
The troll bites you but does no damage. The troll claws you.
The troll claws you but does no damage.
You hit the troll.
The troll is lightly wounded.
The troll barely misses you. The troll claws you but does no damage.
The troll completely misses you.
You slash the troll!
The troll looks as sick as possible!
The troll is moderately wounded.
The troll bites you. The troll claws you but does no damage.
The troll barely misses you.
You completely miss the troll.
The troll is moderately wounded.
The troll bites you! The troll claws you but does no damage.
The troll claws you.
You hit the troll but do no damage.
The troll looks as sick as possible!
The troll is heavily wounded.
The troll bites you but does no damage. The troll closely misses you.
You block the troll's attack. The troll bites you but does no damage.
The troll barely misses you. The troll claws you but does no damage.
You barely miss the troll.
The troll is heavily wounded.
You block the troll's attack. x2; The troll claws you.
* * * LOW HITPOINT WARNING * * *
You slash the troll!
The troll looks as sick as possible!
The troll is severely wounded.
You block the troll's attack. The troll claws you but does no damage.
You block the troll's attack.
You hit the troll.
The troll is almost dead.
The troll bites you!
* * * LOW HITPOINT WARNING * * *
The troll claws you but does no damage. x2
The troll bites you but does no damage. You block the troll's attack.
The troll claws you!
You die...

# .#... # #. .#.. ## .
.#...# ##. . ..#.# #.. .
#. ..#.# ##..
..##.##.#.# #...
...#.#.#.##### ##..†
#..#T@#.....### ##....
#..#)........###....#
#........†..!..#....#
#.....................##
##...................##
###....................
##............(.....#
##................##
###.............##


You could see a troll (extremely poisoned).

Vanquished Creatures
  2 black bears
  An ogre (D:4)
  A kobold brigand (D:4)
  Blork the orc (D:5)
  A scorpion (D:5)
  A killer bee (D:4)
  A hound (D:5)
  2 jellies (D:3)
  2 iguanas
  Ijyb (D:3)
  An orc wizard (D:5)
  Terence (D:2)
  2 gnolls (D:4)
  7 adders
  2 worms (D:4)
  3 dart slugs
  9 orcs
  7 bats
  11 endoplasms
  4 giant cockroaches
  2 goblins
  7 hobgoblins
  6 jackals
  6 quokkas
  10 ball pythons
  3 frilled lizards
  13 kobolds
  9 rats
116 creatures vanquished.

Vanquished Creatures (others)
  4 fungi (D:3)
  9 toadstools (D:3)
13 creatures vanquished.

Grand Total: 129 creatures vanquished

Notes
Turn   | Place    | Note
-------+----------+-------------------------------------------
     0 | D:1      | bande the Gargoyle Fighter began the quest for the Orb.
     0 | D:1      | Reached XP level 1. HP: 14/14 MP: 1/1
   386 | D:1      | Reached XP level 2. HP: 18/19 MP: 2/2
   798 | D:1      | Found a faded altar of an unknown god.
  1103 | D:2      | Reached XP level 3. HP: 23/23 MP: 3/3
  1495 | D:2      | Noticed Terence
  1504 | D:2      | Killed Terence
  1505 | D:2      | Reached XP level 4. HP: 15/29 MP: 4/4
  2132 | D:3      | Noticed a black bear
  2146 | D:3      | Killed a black bear
  2147 | D:3      | Reached XP level 5. HP: 32/33 MP: 5/5
  2255 | D:3      | Noticed Ijyb
  2289 | D:3      | Killed Ijyb
  2426 | D:3      | Reached XP level 6. HP: 38/38 MP: 6/6
  3480 | D:4      | Identified the +7 sling "Woag" {flame, Str+3 Int+6}
  3689 | D:4      | Found a large runed translucent door.
  3689 | D:4      | Found a large runed translucent door.
  3717 | D:4      | Found a large runed translucent door.
  3717 | D:4      | Found a large runed translucent door.
  3743 | D:4      | Found a blossoming altar of Fedhas.
  3743 | D:4      | Found a basalt altar of Yredelemnul.
  3774 | D:4      | Found a bloodstained altar of Trog.
  3779 | D:4      | Found a burning altar of Makhleb.
  3781 | D:4      | Found an iron altar of Okawaru.
  3861 | D:4      | Became a worshipper of Warmaster Okawaru
  3939 | D:4      | Reached XP level 7. HP: 17/44 MP: 7/7
  4107 | D:4      | Reached skill level 1 in Invocations
  4512 | D:4      | Reached skill level 5 in Axes
  4512 | D:4      | Reached skill level 1 in Evocations
  4587 | D:4      | Reached * piety under Okawaru
  4727 | D:5      | Entered Level 5 of the Dungeon
  4787 | D:5      | Noticed Blork the orc
  4795 | D:5      | Killed Blork the orc
  4837 | D:5      | Reached XP level 8. HP: 48/48 MP: 9/9
  4845 | D:5      | Noticed a troll
  4850 | D:5      | Reached skill level 5 in Armour
  4859 | D:5      | Slain by a troll

Illustrated notes

Levels and vault maps discovered:
D:1:      scummos_arrival_simple_crosswalls, layout_basic, serial_glass,
          glass_columns_a, glass_columns_b, glass_columns_c, glass_columns_a,
          glass_columns_c, glass_columns_c, glass_columns_b, glass_columns_b,
          glass_columns_a, glass_columns_a, glass_columns_c, glass_columns_a,
          glass_columns_b, glass_columns_c,
          hellmonk_ecumenical_altar_crossroads, kennysheep_doodads,
          minmay_misc_feat_hallway, serial_bayou_pond_c
D:2:      layout_loops_corners, st_stairs_11, minmay_tripent, uniq_terence
D:3:      cheibrodos_fertilizer, layout_rooms, minmay_diced_spiral, uniq_ijyb
D:4:      layout_loops_ring, chequers_temple_overflow_minitemple,
          minmay_hollow_rounded_squares
D:5:      kennysheep_six_static_rooms, layout_cave_pods, temple_statues,
          roderic_lattice_a, minmay_manual_mess, uniq_blork_the_orc

Skill      XL: |  1  2  3  4  5  6  7  8 |
---------------+-------------------------+-----
Axes           | 2 3 4 5 |  5.8
Armour         | 4 5 |  5.0
Shields        | 4 |  4.6
Fighting       | 4 |  4.8
Invocations    | 2 |  2.5
Evocations     | 1 |  1.8

Action                   |  1- 3 |  4- 6 |  7- 9 || total
-------------------------+-------+-------+-------++-------
Melee: War axe           |   112 |   154 |    87 ||   353
  Use: Scroll            |     5 |     4 |     2 ||    11
Armor: Scale mail        |    87 |   108 |       ||   195
       Chain mail        |       |     7 |    24 ||    31
       Plate armour      |       |       |    44 ||    44
Dodge: Dodged            |    79 |    74 |    30 ||   183
Block: Buckler           |    30 |    48 |    39 ||   117
       Reflection        |       |       |     1 ||     1

Table legend: (Time is in decaauts)
 A = Elapsed time spent in this place.
 B = Non-inter-level travel time spent in this place.
 C = Inter-level travel time spent in this place.
 D = Time resting spent in this place.
 E = Time spent auto-exploring this place.
 F = Levels seen in this place.
 G = Mean time per level.
                   A        B        C        D        E       F      G
               +--------+--------+--------+--------+--------+-----+--------+
         Total |   4985 |   4908 |     77 |   1201 |   2394 |   5 |  997.0 |
       Dungeon |   4985 |   4908 |     77 |   1201 |   2394 |   5 |  997.0 |
               +--------+--------+--------+--------+--------+-----+--------+

Top non-repeatable levels by time:
     D:2: 1573 daAuts
     D:4: 1400 daAuts
     D:1: 961 daAuts
     D:3: 906 daAuts
     D:5: 143 daAuts
